 Dungeon Sprint DCSS version 0.30-a0-715-gdb4ae3ece1 (webtiles) character file.

Game seed: 15302198812661470953

14 rocky1 the Carver (level 7, -2/57 HPs)
             Began as a Demonspawn Gladiator on Jan 25, 2023.
             Was an Initiate of Gozag.
             Slain by a scorpion (4 damage)
             ... in the Dungeon (Sprint VI: "Thunderdome").
             The game lasted 00:03:24 (191 turns).

rocky1 the Carver (Demonspawn Gladiator)             Turns: 191, Time: 00:03:25

Health: -2/57      AC:  5    Str: 15    XL:     7   Next: 18%
Magic:  7/7        EV: 15    Int: 11    God:    Gozag
Gold:   212        SH:  0    Dex: 16    Spells: 6/6 levels left

rFire   . . .      SeeInvis .    a - +0 long sword
rCold   . . .      Faith    .    (no shield)
rNeg    + . .      Spirit   .    b - +0 leather armour
rPois   .          Reflect  .    (helmet restricted)
rElec   .          Harm     .    (no cloak)
rCorr   .          Rampage  +    (no gloves)
Will    .....      NoTele   +    (no boots)
Stlth   ++                       q - amulet "Dois" {RegenMP Rampage}
HPRegen 0.29/turn                r - ring of Wonder {rN+ Int+2}
MPRegen 0.50/turn                (no ring)

@: lethally poisoned (-2 -> -21), gold aura
A: antennae 1, icy blue scales 1, powered by death 1
a: Renounce Religion, Potion Petition, Call Merchant, Bribe Branch


You were in the Dungeon.
You worshipped Gozag.
Gozag was aware of your devotion.
You visited 1 branch You collected 679 gold pieces.
You spent 467 gold pieces at shops.

Inventory:

Hand Weapons
 a - a +0 long sword (weapon)
Armour
 b - a +0 leather armour (worn)
 c - a +0 helmet
 s - the +1 helmet of Uthesm {*Corrode rC++ Dex+2}
   (You bought it in a shop in the Dungeon)

   Dex:       It affects your dexterity (+2).
   rC:        It greatly protects you from cold.
   *Corrode:  It may corrode you when you take damage.
Jewellery
 p - the ring of Vuguos {+Blink rPois rCorr Str-5 Stlth+}
   (You bought it in a shop in the Dungeon)

   [ring of resist corrosion]

   Str:       It affects your strength (-5).
   rPois:     It protects you from poison.
   +Blink:    It lets you blink.
   rCorr:     It protects you from acid and corrosion.
   Stlth:     It makes you more stealthy.
 q - the amulet "Dois" (around neck) {RegenMP Rampage}
   (You bought it in a shop in the Dungeon)

   [amulet of magic regeneration]

   It increases your rate of magic regeneration.
   Rampage:   It bestows one free step when moving towards enemies.
 r - the ring of Wonder (left hand) {rN+ Int+2}
   (You bought it in a shop in the Dungeon)

   [ring of positive energy]

   Int:       It affects your intelligence (+2).
   rN:        It protects you from negative energy.
Wands
 m - a wand of light (2)
 n - a wand of roots (2) (quivered)
Scrolls
 k - 4 scrolls of blinking
 o - 3 scrolls of fog
Potions
 f - a potion of curing
 g - 4 potions of heal wounds
 h - 4 potions of haste
 i - 2 potions of magic
 j - a potion of berserk rage
 l - a potion of resistance


   Skills:
 + Level 5.9 Fighting
 + Level 9.0 Long Blades
 + Level 4.4 Throwing
 + Level 4.6 Armour
 + Level 7.8 Dodging
 + Level 2.1 Stealth
 + Level 2.5 Evocations


You had 6 spell levels left.
You didn't know any spells.
Your spell library was empty.

Dungeon Overview and Level Annotations

Branches:
Dungeon (1/1)

Altars:
Cheibriados
Dithmenos
Fedhas
Gozag
Kikubaaqudgha
Makhleb
Okawaru
Qazlal
Ru
Sif Muna
Trog
Uskayaw
Vehumet
Wu Jian
Xom
Yredelemnul
Lugonu

Shops:
D *[??*?*:[((!!!!


Innate Abilities, Weirdness & Mutations

You have a pair of small antennae on your head.
You are partially covered in icy blue scales. (AC +2)
You regenerate a little health from kills.


Message History

The scorpion is heavily wounded.
The scorpion closely misses you.
You completely miss the scorpion.
The scorpion is heavily wounded.
The scorpion stings you but does no damage.
You hit the scorpion but do no damage.
The scorpion is heavily wounded.
The scorpion stings you but does no damage.
The scorpion stings you.
You closely miss the scorpion.
The scorpion is heavily wounded.
The scorpion closely misses you.
A scorpion comes into view.
You slash the scorpion!
You kill the scorpion!
Your Long Blades skill increases to level 9!
The scorpion stings you.
* * * LOW HITPOINT WARNING * * *
You see here 72 gold pieces.
The scorpion closely misses you.
You hit the scorpion but do no damage. The scorpion stings you.
* * * LOW HITPOINT WARNING * * *
You are poisoned.
The scorpion poisons you!
You hit the scorpion. Your punch misses the scorpion.
The scorpion is lightly wounded.
* * * LOW HITPOINT WARNING * * *
You feel very sick. The scorpion stings you.
* * * LOW HITPOINT WARNING * * *
You hit the scorpion.
The scorpion is heavily wounded.
* * * LOW HITPOINT WARNING * * *
You feel very sick. The scorpion stings you.
* * * LOW HITPOINT WARNING * * *
You are more poisoned.
The scorpion poisons you! The scorpion stings you.
You die...
Your body crumbles into a pile of gold.

##∩___......###......__.∩##
######.8.........8.######
#⌠...........⌠#
###.........### #_......._#
#_......._# #........_#
#∩..$....∩# ##∩$@...∩##
##s...(## ##§⌠⌠## #####


You could see a scorpion.

Vanquished Creatures
  A redback (D)
  4 water moccasins (D)
  A scorpion (D)
  5 ball pythons (D)
11 creatures vanquished.

Notes
Turn   | Place    | Note
-------+----------+-------------------------------------------
     0 | D        | rocky1 the Demonspawn Gladiator began the quest for the
                  | Orb.
     0 | D        | Reached XP level 1. HP: 16/16 MP: 1/1
     3 | D        | Found a basalt altar of Yredelemnul.
     3 | D        | Found a shimmering altar of Xom.
     4 | D        | Found an ornate altar of the Wu Jian Council.
     5 | D        | Found a sacrificial altar of Ru.
     5 | D        | Found a corrupted altar of Lugonu.
     5 | D        | Round 1.
     6 | D        | Found Qogilugomak's Identification Station.
     6 | D        | Found an ancient bone altar of Kikubaaqudgha.
     7 | D        | Found Walecem's Advanced Armour.
     7 | D        | Found Idukliy's Jewellery.
     9 | D        | Found a bloodstained altar of Trog.
     9 | D        | Found Notwui's Premium Goods.
     9 | D        | Found Gopn's Weapon Rack.
    10 | D        | Found Suasish's Miscellaneous Merchandise.
    10 | D        | Found Vouzxoth's Basic Armour.
    13 | D        | Found a snail-covered altar of Cheibriados.
    14 | D        | Found a blossoming altar of Fedhas.
    16 | D        | Found Foit's Do-It-Yourself Clinic.
    16 | D        | Found an opulent altar of Gozag.
    16 | D        | Found a shadowy altar of Dithmenos.
    16 | D        | Found a stormy altar of Qazlal.
    16 | D        | Found Uxunk's Distillery.
    17 | D        | Found Qusomuesh's Bottled Wisdom.
    17 | D        | Found Iwnyacurch's Distillery.
    24 | D        | Became a worshipper of Gozag Ym Sagoz the Greedy
    29 | D        | Found an iron altar of Okawaru.
    37 | D        | Reached skill level 3 in Long Blades
    42 | D        | Noticed a water moccasin
    48 | D        | Killed a water moccasin
    49 | D        | Reached skill level 5 in Long Blades
    49 | D        | Reached skill level 5 in Dodging
    49 | D        | Reached skill level 1 in Evocations
    49 | D        | Gained mutation: You are partially covered in icy blue
                  | scales. (AC +2) [demonic ancestry]
    49 | D        | Reached XP level 2. HP: 18/24 MP: 2/2
    49 | D        | Reached XP level 3. HP: 21/29 MP: 3/3
    49 | D        | Reached XP level 4. HP: 26/35 MP: 4/4
    63 | D        | Found a hide-covered altar of Uskayaw.
    64 | D        | Found Xukug's Staff Store.
    67 | D        | Found Qymput's Must-Have Magic.
    67 | D        | Found Iwerr's Magic Scroll Shop.
    69 | D        | Found a shimmering blue altar of Sif Muna.
    69 | D        | Found a burning altar of Makhleb.
    69 | D        | Found a radiant altar of Vehumet.
    69 | D        | Found Gonli's Magic Scroll Shop.
    75 | D        | Arena points: 14 (+14) [x2]
   102 | D        | Bought a translucent bronze ring for 45 gold pieces
   102 | D        | Identified the ring of Vuguos {+Blink rPois rCorr Str-5
                  | Stlth+} (You bought it in a shop in the Dungeon)
   102 | D        | Bought a wavering pewter amulet for 45 gold pieces
   102 | D        | Identified the amulet "Dois" {RegenMP Rampage} (You bought
                  | it in a shop in the Dungeon)
   102 | D        | Bought a transparent wooden ring for 45 gold pieces
   102 | D        | Identified the ring of Wonder {rN+ Int+2} (You bought it in
                  | a shop in the Dungeon)
   114 | D        | Bought a pitted helmet for 332 gold pieces
   114 | D        | Identified the +1 helmet of Uthesm {*Corrode rC++ Dex+2}
                  | (You bought it in a shop in the Dungeon)
   118 | D        | Round 2.
   121 | D        | Noticed a redback
   124 | D        | Noticed a water moccasin
   130 | D        | Killed a redback
   131 | D        | Reached skill level 6 in Long Blades
   131 | D        | Gained mutation: You regenerate a little health from kills.
                  | [demonic ancestry]
   131 | D        | Reached XP level 5. HP: 20/43 MP: 5/5
   139 | D        | Killed a water moccasin
   140 | D        | Reached skill level 5 in Fighting
   140 | D        | Reached skill level 7 in Long Blades
   140 | D        | Reached skill level 1 in Stealth
   140 | D        | Reached XP level 6. HP: 28/51 MP: 6/6
   141 | D        | Noticed a water moccasin
   147 | D        | Killed a water moccasin
   148 | D        | Reached skill level 8 in Long Blades
   161 | D        | Noticed a water moccasin
   173 | D        | Killed a water moccasin
   174 | D        | Gained mutation: You have a pair of small antennae on your
                  | head. [demonic ancestry]
   174 | D        | Reached XP level 7. HP: 27/57 MP: 7/7
   187 | D        | Reached skill level 9 in Long Blades
   191 | D        | HP: 2/57 [scorpion (5)]
   191 | D        | Slain by a scorpion

Illustrated notes

Levels and vault maps discovered:
D:        arena_sprint

Skill      XL: |  1  2  3  4  5  6  7 |
---------------+----------------------+-----
Long Blades    | 5 6 7 8 9 |  9.0
Fighting       | 3 4 5 |  5.9
Throwing       | 2 3 4 |  4.4
Armour         | 2 3 4 |  4.6
Dodging        | 5 6 7 |  7.8
Evocations     | 1 2 |  2.5
Stealth        | 1 2 |  2.1

Action                     |  1- 3 |  4- 6 |  7- 9 || total
---------------------------+-------+-------+-------++-------
  Melee: Long sword        |     4 |    25 |    15 ||    44
  Throw: Throwing net      |       |     3 |       ||     3
         Javelin           |       |     1 |       ||     1
  Evoke: Wand              |     3 |     3 |       ||     6
   Stab: Invisible         |     1 |       |       ||     1
         Held in net/web   |       |     1 |       ||     1
 Armour: Leather armour    |     1 |     8 |     3 ||    12
  Dodge: Dodged            |     6 |    20 |     9 ||    35

Table legend: (Time is in decaauts)
 A = Elapsed time spent in this place.
 B = Non-inter-level travel time spent in this place.
 C = Inter-level travel time spent in this place.
 D = Time resting spent in this place.
 E = Time spent auto-exploring this place.
 F = Levels seen in this place.
 G = Mean time per level.
                   A        B        C        D        E       F      G
               +--------+--------+--------+--------+--------+-----+--------+
         Total |    192 |    192 |      0 |      0 |      0 |   1 |  192.0 |
       Dungeon |    192 |    192 |      0 |      0 |      0 |   1 |  192.0 |
               +--------+--------+--------+--------+--------+-----+--------+

Top non-repeatable levels by time:
       D: 192 daAuts
